 Dungeon Crawl Stone Soup version 0.27.1-34-g3ba077fa99 (webtiles) character file.

Game seed: 12783388921406891629

126 Vylera the Grasshopper (level 4, -4/37 HPs)
             Began as a Demigod Warper on Jan 2, 2022.
             Killed from afar by Blork the orc (5 damage)
             ... with a puff of flame
             ... on level 4 of the Dungeon.
             The game lasted 00:11:39 (3946 turns).

Vylera the Grasshopper (Demigod Warper)             Turns: 3946, Time: 00:11:40

Health: -4/37      AC:  6    Str: 15    XL:     4   Next: 55%
Magic:  9/9        EV: 11    Int: 19    God:
Gold:   151        SH:  0    Dex: 13    Spells: 5/7 levels left

rFire    + . .     SeeInvis .   b - +4 dagger
rCold    + . .     Faith    .   (no shield)
rNeg     . . .     Spirit   .   j - +0 leather armour
rPois    +         Reflect  .   m - +0 helmet
rElec    +         Harm     .   (no cloak)
rCorr    +         Rampage  .   o - +1 pair of gloves {Str+3}
Will     .....                  (no boots)
Stlth    +.........             f - amulet of magic regeneration
HPRegen  0.12/turn              (no ring)
MPRegen  0.36/turn              (no ring)

@: resistant, attractive
A: high mp 1, forlorn
a: no special abilities


You were on level 4 of the Dungeon.
You visited 1 branch of the dungeon, and saw 4 of its levels.

You collected 151 gold pieces.

Inventory:

Hand Weapons
 a - a +0 vorpal hunting sling
 b - a +4 dagger (weapon)
 g - a +1 dagger of draining
 n - a +0 trident
 t - a +0 hand axe
Missiles
 d - 2 boomerangs of dispersal (quivered)
 l - 3 boomerangs
 u - 30 stones
 w - 11 sling bullets
Armour
 j - a +0 leather armour (worn)
 m - a +0 helmet (worn)
 o - a +1 pair of gloves of strength (worn)
 y - a +0 buckler
Jewellery
 f - an amulet of magic regeneration (around neck)
Scrolls
 c - a scroll of blinking
 e - 2 scrolls of identify
 h - a scroll of vulnerability


   Skills:
 - Level 2.5 Fighting
 * Level 3.0 Axes
 + Level 0.6(1.0) Slings
 - Level 0.8(1.0) Throwing
 - Level 1.2 Armour
 - Level 1.9 Dodging
 - Level 2.0 Spellcasting
 * Level 3.4 Translocations


You had 5 spell levels left.
You knew the following spells:

 Your Spells              Type           Power      Damage    Failure   Level
a - Blink                 Tloc           N/A        N/A       8%          2

Your spell library contained the following spells:

 Spells                   Type           Power      Damage    Failure   Level
 Gell's Gravitas          Tloc           7%         N/A       16%         3
 Lesser Beckoning         Tloc           7%         N/A       16%         3
 Teleport Other           Tloc           15%        N/A       16%         3
 Summon Small Mammal      Summ           4%         N/A       21%         1
 Call Canine Familiar     Summ           1%         N/A       52%         3
 Summon Guardian Golem    Hex/Summ       1%         N/A       52%         3
 Manifold Assault         Tloc           15%        N/A       80%         5


Dungeon Overview and Level Annotations

Branches:
Dungeon (4/15)
 Temple: D:4-7

Shops:
D:1 (

Annotations:
D:4 Blork the orc


Innate Abilities, Weirdness & Mutations

Your attributes grow dramatically as you level up.
You have an increased reservoir of magic. (+10% MP)
You shall have no god before yourself.


Message History

You hit Blork the orc.
Blork the orc is moderately wounded.
Blork the orc looks satisfied for a moment.
You hit Blork the orc.
Blork the orc is heavily wounded.
Blork the orc misses you.
You hit Blork the orc.
Blork the orc is heavily wounded.
Blork the orc gestures wildly while chanting.
Blork the orc seems to speed up.
You hit Blork the orc but do no damage.
Blork the orc is heavily wounded.
Blork the orc hits you with a +0 hand axe.
* * * LOW HITPOINT WARNING * * *
It was a potion of curing.
You feel better.
Blork the orc hits you with a +0 hand axe.
* * * LOW HITPOINT WARNING * * *
Blork the orc hits you but does no damage.
It was a potion of resistance.
You feel protected.
Blork the orc hits you with a +0 hand axe!
* * * LOW HITPOINT WARNING * * *
You feel better.
Blork the orc hits you with a +0 hand axe!
* * * LOW HITPOINT WARNING * * *
A killer bee comes into view.
Blork the orc hits you but does no damage.
It was a potion of attraction.
You feel attractive to monsters.
Blork the orc screams, "You are the ugliest creature I've ever seen!"
Blork the orc hits you with a +0 hand axe.
* * * LOW HITPOINT WARNING * * *
The killer bee is pulled toward you!
You barely miss Blork the orc.
Blork the orc is heavily wounded.
The killer bee buzzes angrily.
The killer bee completely misses you. Blork the orc casts a spell at you.
The puff of flame hits you. You resist.
You die...

#. ####
##.######.≈≈≈
......>..≈≈#
#.........≈.
#........=..
#.....>.....
#(.y.......#
#..o@.....#
.........#....#
######.#... ...
#. #.#.. # #.
.# .# #. .# ..
#. # # #.


You could see Blork the orc (fast) and a killer bee.

Vanquished Creatures
  An orc priest (D:3)
  4 adders
  An adder skeleton (D:4)
  4 dart slugs
  3 orcs (D:3)
  7 ball pythons
  4 endoplasms
  A giant cockroach (D:3)
  6 goblins
  2 hobgoblins (D:1)
  2 quokkas
  2 bats
  A frilled lizard (D:3)
  7 kobolds
  6 rats
51 creatures vanquished.

Notes
Turn   | Place    | Note
-------+----------+-------------------------------------------
     0 | D:1      | Vylera the Demigod Warper began the quest for the Orb.
     0 | D:1      | Reached XP level 1. HP: 17/17 MP: 5/5
   428 | D:1      | Reached XP level 2. HP: 22/24 MP: 7/7
   879 | D:1      | Reached skill level 1 in Armour
  1194 | D:1      | Learned a level 2 spell: Blink
  1220 | D:1      | Found Lousax's Weapon Shop.
  1430 | D:2      | Reached XP level 3. HP: 10/29 MP: 8/8
  3323 | D:3      | Reached XP level 4. HP: 15/37 MP: 9/9
  3612 | D:4      | Noticed a necrophage
  3669 | D:4      | Noticed Blork the orc
  3945 | D:4      | HP: 1/37 [Blork the orc (1)]
  3946 | D:4      | Killed from afar by Blork the orc

Illustrated notes

Levels and vault maps discovered:
D:1:      co_arrival_square_in_a_square_in_a_square, layout_rooms, serial_shops,
          shop, hex_tiny
D:2:      layout_basic
D:3:      layout_basic, hellmonk_ecumenical_altar_pennies_from_heaven
D:4:      layout_loops_ring, lightli_sewer_entry_pipes, kennysheep_orc_chapel,
          uniq_natasha, uniq_blork_the_orc, uniq_robin, uniq_duvessa

Skill      XL: |  1  2  3  4 |
---------------+-------------+-----
Axes           | 2 3 |  3.0
Translocations | 3 |  3.4
Spellcasting   | 2 |  2.0
Armour         | 1 |  1.2
Fighting       | 2 |  2.5
Slings         | |  0.6
Throwing       | |  0.8
Dodging        | |  1.9

Action                   |  1- 3 |  4- 6 || total
-------------------------+-------+-------++-------
Melee: Hand axe          |    47 |       ||    47
       Dagger            |    84 |    28 ||   112
 Fire: Hunting sling     |    11 |     3 ||    14
Throw: Boomerang         |     3 |       ||     3
  Use: Scroll            |       |     6 ||     6
       Potion            |       |     4 ||     4
 Stab: Sleeping          |     2 |       ||     2
Armor: Leather armour    |    30 |    11 ||    41
Dodge: Dodged            |    83 |    12 ||    95
